 Dungeon Crawl Stone Soup version 0.28-b1-1-g3c77fb2ed1 (webtiles) character file.

Game seed: 16813541724555078514

28 Descartes the Grasshopper (level 2, 0/13 HPs)
             Began as a Felid Warper on Jan 27, 2022.
             Was a Follower of Wu Jian.
             Frozen to death by an endoplasm (2 damage)
             ... on level 1 of the Dungeon.
             The game lasted 00:02:18 (1368 turns).

Descartes the Grasshopper (Felid Warper)            Turns: 1368, Time: 00:02:21

Health: 0/13       AC:  1    Str:  7    XL:     2   Next: 96%
Magic:  6/6        EV: 18    Int: 14    God:    Wu Jian [*.....]
Gold:   23         SH:  0    Dex: 15    Spells: 5/5 levels left
                                        Lives:  0   Deaths: 0

rFire   . . .      SeeInvis +     - Unarmed
rCold   . . .      Faith    .   (shield unavailable)
rNeg    . . .      Spirit   .   (armour unavailable)
rPois   .          Reflect  .   (helmet unavailable)
rElec   .          Harm     .   (cloak unavailable)
rCorr   .          Rampage  .   (gloves unavailable)
Will    .....                   (boots unavailable)
Stlth   ++........              (no amulet)
HPRegen 0.04/turn               (no ring)
MPRegen 0.10/turn               (no ring)

@: quick
A: very small, claws 1, fangs 3, see invisible, speed 1, shaggy fur 1, stealthy
paws, no weapons or thrown items, no armour, multi-lived
a: Renounce Religion


You were on level 1 of the Dungeon.
You worshipped Wu Jian.
Wu Jian was aware of your devotion.
You visited 1 branch of the dungeon, and saw 1 of its levels.

You collected 23 gold pieces.

Inventory:

Scrolls
 a - a scroll of blinking
Potions
 b - a potion of mutation {unknown}


   Skills:
 - Level 2.0 Fighting
 + Level 3.7 Dodging
 + Level 1.7 Stealth
 + Level 2.4 Unarmed Combat
 - Level 2.0 Spellcasting
 + Level 4.9 Translocations


You had 5 spell levels left.
You didn't know any spells.
Your spell library contained the following spells:

 Spells                   Type           Power      Damage    Failure   Level
 Blink                    Tloc           30%        N/A       4%          2
 Gell's Gravitas          Tloc           15%        N/A       10%         3
 Lesser Beckoning         Tloc           15%        N/A       10%         3
 Teleport Other           Tloc           15%        N/A       10%         3
 Manifold Assault         Tloc           15%        N/A       65%         5


Dungeon Overview and Level Annotations

Branches:
Dungeon (1/15)

Altars:
Wu Jian


Innate Abilities, Weirdness & Mutations

You have sharp claws.
You have razor-sharp teeth.
You have supernaturally acute eyesight. (SInv)
You cover ground quickly. (Speed+)
You are covered in fur. (AC +1)
Your paws help you pounce on unaware monsters.
You are incapable of wielding weapons or throwing items.
You cannot wear armour.
You gain extra lives every three experience levels.


Message History

The ball python barely misses you. The ball python closely misses you.
You scratch the kobold.
You kill the kobold!
The Council accepts your kill. The bat misses you.
The ball python closely misses you. The ball python grabs you.
The ball python constricts you.
You barely miss the ball python. Your bite misses the ball python.
The bat misses you. The ball python bites you. The ball python constricts you.
You scratch the ball python.
You kill the ball python!
The Council accepts your kill. The endoplasm closely misses you.
You barely miss the endoplasm. The bat hits you but does no damage.
The endoplasm freezes you.
You are frozen.
* * * LOW HITPOINT WARNING * * *
You are too injured to fight recklessly!
You are too injured to fight recklessly!
You are too injured to fight recklessly!
You are too injured to fight recklessly!
You are too injured to fight recklessly!
You are too injured to fight recklessly!
You are too injured to fight recklessly!
You are too injured to fight recklessly!
You are too injured to fight recklessly!
You are too injured to fight recklessly!
You are too injured to fight recklessly!
You are too injured to fight recklessly!
You spin and attack the endoplasm.
You scratch the endoplasm. Your bite misses the endoplasm.
The endoplasm is lightly wounded.
The bat completely misses you.
You spin and attack the endoplasm.
You scratch the endoplasm.
The endoplasm is severely wounded.
You spin and attack the bat.
You scratch the bat.
You kill the bat!
The Council accepts your kill. The endoplasm freezes you.
You are frozen.
You die...

#### #... #.## #(## #...
########### ###.
..........# #.
.........)# ##
.......@..##############
..>....†J†'.............
..........##############
..........# ##
..........# ######.
..........# #......
..........# #.#....
..........########.#....
.....................


You could see an endoplasm.

Vanquished Creatures
  2 endoplasms (D:1)
  3 giant cockroaches (D:1)
  3 goblins (D:1)
  3 hobgoblins (D:1)
  3 kobolds (D:1)
  A quokka (D:1)
  4 ball pythons (D:1)
  2 bats (D:1)
  3 rats (D:1)
  A spectral kobold (D:1)
25 creatures vanquished.

Notes
Turn   | Place    | Note
-------+----------+-------------------------------------------
     0 | D:1      | Descartes the Felid Warper began the quest for the Orb.
     0 | D:1      | Reached XP level 1. HP: 9/9 MP: 4/4
   331 | D:1      | Reached skill level 1 in Stealth
   333 | D:1      | Reached XP level 2. HP: 4/13 MP: 6/6
   865 | D:1      | Found a faded altar of an unknown god.
   884 | D:1      | Prayed at the altar of an unknown god.
   884 | D:1      | Became a worshipper of the Wu Jian Council
   884 | D:1      | Reached * piety under Wu Jian
  1368 | D:1      | Frozen to death by an endoplasm

Illustrated notes

Levels and vault maps discovered:
D:1:      matt_arrival_refuge, layout_basic,
          dreamdust_ecumenical_altar_drowned_temple

Skill      XL: |  1 |
---------------+----+-----
Stealth        | 1 |  1.7
Fighting       | |  2.0
Dodging        | |  3.7
Unarmed Combat | |  2.4
Spellcasting   | |  2.0
Translocations | |  4.9

Action                   || total
-------------------------++-------
Melee: Unarmed           ||    93
       Bite              ||    10
       Punch             ||     3
Invok: Whirlwind         ||     4
       Lunge             ||     1
 Stab: Sleeping          ||     1
Armor: Skin              ||    11
Dodge: Dodged            ||    83
